 Dungeon Crawl Stone Soup version 0.27.1 (webtiles) character file.

Game seed: 5955383550185090529

247 hawla the Sneak (level 5, -2/28 (32) HPs)
             Began as a Deep Elf Delver on Aug 23, 2021.
             Splashed by a jelly's acid (8 damage)
             ... on level 4 of the Dungeon.
             The game lasted 00:13:54 (2791 turns).

hawla the Sneak (Deep Elf Delver)                   Turns: 2791, Time: 00:13:54

HP:   -2/28 (32)    AC:  2    Str: 15    XL:     5   Next: 85%
MP:   7/7           EV: 13    Int: 16    God:
Gold: 58            SH:  0    Dex: 16    Spells: 4/4 levels left

rFire    . . .     SeeInvis .   i - +0 dagger (speed)
rCold    . . .     Faith    .   (no shield)
rNeg     . . .     Spirit   .   b - +0 leather armour
rPois    .         Reflect  .   o - +1 helmet
rElec    .         Harm     .   (no cloak)
rCorr    .         Rampage  .   e - +0 pair of gloves
Will     .....                  (no boots)
Stlth    ++++......             d - amulet of regeneration
HPRegen  1.09/turn              m - +6 ring of strength
MPRegen  0.10/turn              (no ring)

@: corroded, heavily drained
A: no striking features
a: no special abilities


You were on level 4 of the Dungeon.
You visited 1 branch of the dungeon, and saw 5 of its levels.

You collected 58 gold pieces.

Inventory:

Hand Weapons
 i - a +0 dagger of speed (weapon)
Armour
 b - a +0 leather armour (worn)
 e - a +0 pair of gloves (worn)
 o - a +1 helmet (worn)
Jewellery
 d - an amulet of regeneration (around neck)
 j - a ring of fire
 m - a +6 ring of strength (left hand)
Wands
 g - a wand of digging (3)
 l - a wand of flame (22)
Scrolls
 c - a scroll of fog
Potions
 f - a potion of brilliance {unknown}
 h - a potion of curing


   Skills:
 + Level 3.1 Fighting
 + Level 3.3 Short Blades
 + Level 3.4 Dodging
 + Level 7.9 Stealth
 + Level 0.8 Evocations


You had 4 spell levels left.
You didn't know any spells.
Your spell library was empty.

Dungeon Overview and Level Annotations

Branches:
Dungeon (5/15)
 Temple: D:4-7

Altars:
Zin

Shops:
D:2 *

Annotations:
D:5 3 runed translucent doors, Ijyb; hawla's ghost, weakling DEDe


Message History

The ogre hits you with a +0 giant club!!
Ouch! That really hurt!
As you read the scroll of teleportation, it crumbles to dust.
You feel strangely unstable.
Your surroundings suddenly seem different.
You start resting.
HP restored.
A jelly comes into view.
The jelly quivers.
Found 26 sling bullets and a scroll of identify.
The jelly barely misses you.
You hit the jelly.
Your hands burn!
The jelly is moderately wounded.
The jelly barely misses you.
You hit the jelly.
Your hands burn!
The jelly is moderately wounded.
The jelly misses you.
You hit the jelly. The acid corrodes you!
Your hands burn!
The jelly is heavily wounded.
You hit the jelly but do no damage.
Your hands burn!
The jelly is heavily wounded.
The jelly hits you.
You are splashed with acid.
You are too injured to fight recklessly!
You hit the jelly.
Your hands burn!
The jelly is heavily wounded.
You hit the jelly but do no damage.
Your hands burn!
The jelly is heavily wounded.
The jelly barely misses you.
You hit the jelly but do no damage.
Your hands burn!
* * * LOW HITPOINT WARNING * * *
The jelly is heavily wounded.
Aiming: Throw Flame
Press: ? - help, Shift-Dir - straight line, f - jelly
Aim: a jelly (heavily wounded, 100% to hit)
The puff of flame hits the jelly.
The jelly is almost dead.
The jelly hits you.
* * * LOW HITPOINT WARNING * * *
You are splashed with acid!
You die...

##..# .. ##.#
#. #.## #.
#..# #. ##.#
#. #.## #.
#..# ## #.
#####.##...##
#.
#....@.......
..
##....J......
##
#.......####
# #........#
# #..........
.
#...........
.
#...........
#.?(........


You could see a jelly.

Vanquished Creatures
  A howler monkey (D:5)
  A bullfrog skeleton (D:3)
  Robin (D:1)
  6 adders
  3 worms (D:2)
  A dart slug (D:3)
  3 orcs (D:3)
  5 bats
  8 endoplasms
  6 giant cockroaches
  16 goblins
  10 hobgoblins
  3 jackals
  6 quokkas
  10 ball pythons
  3 frilled lizards
  5 kobolds
  7 rats
95 creatures vanquished.

Notes
Turn   | Place    | Note
-------+----------+-------------------------------------------
     0 | D:5      | hawla the Deep Elf Delver began the quest for the Orb.
     0 | D:5      | Reached XP level 1. HP: 13/13 MP: 3/3
    24 | D:5      | Found a runed translucent gate.
    25 | D:5      | Found a runed translucent gate.
    26 | D:5      | Found a runed translucent gate.
    27 | D:5      | Noticed hawla's ghost (weakling DEDe)
    47 | D:5      | Noticed Ijyb
    70 | D:5      | Noticed a howler monkey
    77 | D:5      | Killed a howler monkey
    78 | D:5      | Reached skill level 7 in Stealth
    78 | D:5      | Reached XP level 2. HP: 18/18 MP: 4/4
    78 | D:5      | Reached XP level 3. HP: 22/22 MP: 5/5
    91 | D:5      | Found a glowing silver altar of Zin.
    92 | D:5      | Noticed a necrophage
   125 | D:4      | Noticed an ogre
   421 | D:1      | Found a faded altar of an unknown god.
   757 | D:1      | Reached XP level 4. HP: 26/27 MP: 6/6
   972 | D:2      | Noticed Robin
  1018 | D:1      | HP: 1/40 [Robin (3)]
  1207 | D:2      | Found Rausk's General Store.
  1372 | D:2      | Reached XP level 5. HP: 32/32 MP: 7/7
  1984 | D:1      | Killed Robin
  2791 | D:4      | Splashed by a jelly's acid

Illustrated notes

Levels and vault maps discovered:
D:1:      minmay_arrival_stair_chambers, layout_rooms,
          hellmonk_ecumenical_altar_prayer_group
D:2:      layout_loops_cross, serial_shops, nicolae_shop_statue_plus,
          st_stairs_12, minmay_tromino_i4, uniq_robin
D:3:      layout_basic
D:4:      layout_rooms
D:5:      layout_basic, slow_altar_1, mainiacjoe_overflow_cross_hatched,
          ebering_ghost_rock_garden, nicolae_ossuary_entry_plus, st_stairs_14,
          uniq_grinder, uniq_ijyb

Skill      XL: |  1  2  3  4  5 |
---------------+----------------+-----
Stealth        | 7 |  7.9
Dodging        | 3 |  3.4
Fighting       | 3 |  3.1
Short Blades   | 3 |  3.3
Evocations     | |  0.8

Action                   |  1- 3 |  4- 6 || total
-------------------------+-------+-------++-------
Melee: Short sword       |    86 |   214 ||   300
       Dagger            |       |    88 ||    88
Evoke: Wand              |       |     4 ||     4
  Use: Scroll            |     1 |     8 ||     9
       Potion            |     1 |     4 ||     5
 Stab: Sleeping          |    10 |    13 ||    23
       Distracted        |       |     1 ||     1
Armor: Leather armour    |    13 |    68 ||    81
       Skin              |       |    72 ||    72
Dodge: Dodged            |    63 |   164 ||   227
